[Event "December 12 Late 2023"]
[Site "https://www.chess.com"]
[Date "2023.12.12"]
[Round "2"]
[White "Rian, Kapriaga"]
[Black "Wu, Derek"]
[Result "0-1"]
[Board "98"]
[TimeControl "180+1"]
[WhiteFideId "7103263"]
[BlackFideId "30914558"]
[WhiteElo "2361"]
[BlackElo "2682"]
[WhiteTeam "INA"]
[BlackTeam "USA"]
[WhiteClock "0:00:00"]
[BlackClock "0:01:18"]

1. d4 e6 2. Nf3 Nf6 3. Bf4 d5 4. e3 c5 5. Nbd2 Bd6 6. Bg3 O-O 7. c3 Qc7 8. Bd3 Nbd7 9. O-O Bxg3 10. hxg3 e5 11. dxe5 Nxe5 12. Nxe5 Qxe5 13. Re1 Bg4 14. Qc2 Rfd8 15. b4 Rac8 16. bxc5 Rxc5 17. Rac1 Rdc8 18. c4 Be6 19. Nb3 R5c7 20. c5 Qh5 21. Be2 Bg4 22. Bd3 b6 23. Ba6 Bf5 24. Qd1 Ng4 25. Bxc8 Qh2+ 26. Kf1 Bxc8 27. Qxd5 Ba6+ 28. Rc4 Bxc4+ 29. Qxc4 h5 30. Qe4 bxc5 31. Rd1 Qh1+ 32. Ke2 Qxd1+ 33. Kxd1 Nxf2+ 34. Ke2 Nxe4 35. Kf3 c4 36. Kxe4 cxb3 37. axb3 Rb7 38. Kd4 Rxb3 39. Kc4 Rxe3 40. g4 hxg4 41. g3 Rxg3 42. Kb5 Rc3 43. Ka6 f5 0-1

[Event "December 12 Late 2023"]
[Site "https://www.chess.com"]
[Date "2023.12.12"]
[Round "2"]
[White "Nagare Kaivalya Sandip"]
[Black "Nita, Lucian"]
[Result "1-0"]
[Board "99"]
[TimeControl "180+1"]
[WhiteFideId "25957929"]
[BlackFideId "1206923"]
[WhiteElo "2675"]
[BlackElo "2360"]
[WhiteTeam "IND"]
[BlackTeam "ROU"]
[WhiteClock "0:00:58"]
[BlackClock "0:00:07"]

1. e4 d6 2. d4 Nf6 3. Nc3 e5 4. Nf3 Nbd7 5. Bc4 Be7 6. O-O O-O 7. Re1 c6 8. a4 a5 9. d5 Nc5 10. h3 Bd7 11. Nxe5 dxe5 12. d6 Be6 13. dxe7 Qxe7 14. Bf1 Rfd8 15. Qf3 h6 16. Qg3 Nfd7 17. Bxh6 f6 18. Be3 Nf8 19. Rad1 Na6 20. Rxd8 Qxd8 21. Rd1 Qe7 22. f4 exf4 23. Bxf4 Nb4 24. Bd6 Qf7 25. e5 Nxc2 26. exf6 Qxf6 27. Be5 Qg6 28. Qxg6 Nxg6 29. Bc7 Nb4 30. Rd8+ Rxd8 31. Bxd8 Ne5 32. Bxa5 Nbd3 33. Bc7 Kf7 34. Ne4 Bd5 35. Nd6+ Ke6 36. Nxb7 Nxb2 37. Nc5+ Kf5 38. a5 Nec4 39. a6 1-0

[Event "December 12 Late 2023"]
[Site "https://www.chess.com"]
[Date "2023.12.12"]
[Round "2"]
[White "Karttunen, Mika"]
[Black "Gruzman, Ilya"]
[Result "1-0"]
[Board "100"]
[TimeControl "180+1"]
[WhiteFideId "502081"]
[BlackFideId "2812703"]
[WhiteElo "2657"]
[BlackElo "2360"]
[WhiteTeam "FIN"]
[BlackTeam "ISR"]
[WhiteClock "0:00:39"]
[BlackClock "0:00:34"]

1. e4 c5 2. Nf3 e6 3. d4 cxd4 4. Nxd4 Nf6 5. Nc3 Nc6 6. a3 d5 7. exd5 exd5 8. Bb5 Bd7 9. O-O Be7 10. Re1 O-O 11. Bg5 h6 12. Bh4 Re8 13. Nf3 Qb6 14. Bd3 Qxb2 15. Na4 Qxa1 16. Qxa1 b6 17. Nc3 Be6 18. Nb5 Rad8 19. Nc7 Rf8 20. Rxe6 fxe6 21. Nxe6 Bc5 22. Nxd8 Rxd8 23. Bxf6 gxf6 24. Qxf6 Rd6 25. Qf5 Ne7 26. Qh7+ Kf8 27. Ne5 Ke8 28. Qf7+ Kd8 29. Qf8+ Kc7 30. Qxe7+ Kb8 31. Qe8+ Kb7 32. Bf5 Ka6 33. Qa4+ Kb7 34. g4 d4 35. Be4+ Kc7 36. Qxa7+ Kd8 37. Nf7+ Ke8 38. Nxd6+ Bxd6 39. Bg6+ Kd8 40. Bf5 Bc7 41. Qb7 1-0

[Event "December 12 Late 2023"]
[Site "https://www.chess.com"]
[Date "2023.12.12"]
[Round "2"]
[White "Gubajdullin, Alexei"]
[Black "Biernacki, Mark"]
[Result "1-0"]
[Board "101"]
[TimeControl "180+1"]
[WhiteFideId "4141202"]
[BlackFideId "2082322"]
[WhiteElo "2618"]
[BlackElo "2356"]
[WhiteTeam "RUS"]
[BlackTeam "USA"]
[WhiteClock "0:00:38"]
[BlackClock "0:00:00"]

1. e4 c6 2. Nc3 d5 3. Nf3 dxe4 4. Nxe4 Nf6 5. Nxf6+ exf6 6. Bc4 Bd6 7. O-O O-O 8. h3 Nd7 9. d4 Nb6 10. Bb3 Bf5 11. Re1 Qd7 12. c4 Bc7 13. d5 cxd5 14. cxd5 Rfe8 15. Be3 Be4 16. Rc1 Rac8 17. Qd4 Bxf3 18. gxf3 Qxh3 19. d6 Rcd8 20. dxc7 Rxd4 21. Bxd4 Rc8 22. Bxb6 axb6 23. Red1 h6 24. Rd8+ Kh7 25. Bc2+ g6 26. Rxc8 Qxc8 27. Be4 Kg7 28. a4 h5 29. b4 h4 30. Kh2 h3 31. a5 f5 32. Bd5 bxa5 33. bxa5 g5 34. Kxh3 g4+ 35. Kg3 Qd7 36. c8=Q Qxd5 37. Qc3+ Kg6 38. fxg4 f4+ 39. Kxf4 Qg5+ 40. Kf3 1-0

[Event "December 12 Late 2023"]
[Site "https://www.chess.com"]
[Date "2023.12.12"]
[Round "2"]
[White "Bernat, David"]
[Black "Golubev, Mikhail"]
[Result "0-1"]
[Board "102"]
[TimeControl "180+1"]
[WhiteFideId "2099225"]
[BlackFideId "14100983"]
[WhiteElo "2348"]
[BlackElo "2613"]
[WhiteTeam "USA"]
[BlackTeam "UKR"]
[WhiteClock "0:01:02"]
[BlackClock "0:01:55"]

1. c4 g6 2. Nc3 Bg7 3. g3 e5 4. Bg2 d6 5. d3 Nc6 6. e4 Nd4 7. Nge2 Nxe2 8. Qxe2 Ne7 9. O-O O-O 10. Be3 Nc6 11. f4 f5 12. Rad1 Be6 13. Nd5 Qd7 14. a3 Rae8 15. b4 Nd4 16. Bxd4 exd4 17. b5 fxe4 18. dxe4 c6 19. Nb4 Bg4 20. Qd3 Bxd1 21. Rxd1 cxb5 22. cxb5 Rc8 23. Nc2 Rc3 24. Qd2 Qxb5 25. Nxd4 Qc5 26. Kf1 Bxd4 27. Qxd4 Qxd4 28. Rxd4 Rxa3 29. Rxd6 Rc8 30. e5 Rc1+ 31. Kf2 Rc2+ 32. Kg1 Ra1+ 33. Bf1 Rcc1 0-1

[Event "December 12 Late 2023"]
[Site "https://www.chess.com"]
[Date "2023.12.12"]
[Round "2"]
[White "Mirzoev, Azer"]
[Black "Gerbelli Neto, Eduardo"]
[Result "1-0"]
[Board "103"]
[TimeControl "180+1"]
[WhiteFideId "13400304"]
[BlackFideId "2103281"]
[WhiteElo "2608"]
[BlackElo "2338"]
[WhiteTeam "AZE"]
[BlackTeam "BRA"]
[WhiteClock "0:00:53"]
[BlackClock "0:00:00"]

1. c4 c5 2. Nc3 Nf6 3. g3 d5 4. Bg2 d4 5. Na4 e5 6. a3 Nc6 7. d3 Be7 8. Nf3 O-O 9. O-O h6 10. e4 Bd7 11. b3 Qc8 12. Nb2 Bh3 13. Bd2 a5 14. Nh4 Nh7 15. Bxh3 Qxh3 16. Nf5 Bg5 17. f4 exf4 18. gxf4 Bf6 19. Rf3 Qh5 20. Rg3 Qxd1+ 21. Rxd1 Kh8 22. Na4 b6 23. Nxb6 Rab8 24. Nd7 Rxb3 25. Nxf8 Nxf8 26. e5 Bd8 27. Nxg7 Bh4 28. Rg4 Rxd3 29. Nf5 Be1 30. Rxe1 Rxd2 31. Nxh6 Ng6 32. Nxf7+ Kg7 33. f5 Kxf7 34. Rxg6 Ne7 35. e6+ Kf8 36. Rf6+ Ke8 37. Rb1 Nc6 38. Rb7 Ne5 39. Rh6 Nf3+ 40. Kh1 1-0

[Event "December 12 Late 2023"]
[Site "https://www.chess.com"]
[Date "2023.12.12"]
[Round "2"]
[White "Perea Fruet, Lorenzo"]
[Black "Prokhorov, Oleksandr"]
[Result "1-0"]
[Board "104"]
[TimeControl "180+1"]
[WhiteFideId "24595870"]
[BlackFideId "14105578"]
[WhiteElo "2575"]
[BlackElo "2337"]
[WhiteTeam "ESP"]
[BlackTeam "UKR"]
[WhiteClock "0:00:04"]
[BlackClock "0:00:28"]

1. e4 c5 2. f4 Nc6 3. Nf3 d6 4. g3 g6 5. Bg2 Bg7 6. O-O Bg4 7. h3 Bxf3 8. Qxf3 e6 9. c3 Nge7 10. Na3 O-O 11. Nc2 f5 12. exf5 gxf5 13. d3 Rb8 14. Be3 b5 15. a3 a5 16. Rfe1 Qd7 17. Bf2 Rfe8 18. d4 cxd4 19. Nxd4 Nxd4 20. Bxd4 Bxd4+ 21. cxd4 d5 22. g4 Ng6 23. gxf5 exf5 24. Qxd5+ Qxd5 25. Bxd5+ Kg7 26. Bc6 Rxe1+ 27. Rxe1 Nxf4 28. Kh2 b4 29. Rf1 Ne2 30. d5 bxa3 31. bxa3 Rb2 32. Rf2 Rc2 33. Ba4 Ra2 34. d6 Kf6 35. d7 Ke7 36. Bb3 Rb2 37. Bc4 Rc2 38. Rxe2+ Rxe2+ 39. Bxe2 Kxd7 40. Kg3 Kd6 41. a4 Ke5 42. Kf3 h5 43. h4 f4 44. Bb5 Kd4 45. Be8 Ke5 46. Bxh5 Kf6 47. Be8 1-0

[Event "December 12 Late 2023"]
[Site "https://www.chess.com"]
[Date "2023.12.12"]
[Round "2"]
[White "Bonin, Jay"]
[Black "Aghasiyev, Kamal"]
[Result "0-1"]
[Board "105"]
[TimeControl "180+1"]
[WhiteFideId "2000644"]
[BlackFideId "13402854"]
[WhiteElo "2332"]
[BlackElo "2575"]
[WhiteTeam "USA"]
[BlackTeam "AZE"]
[WhiteClock "0:01:45"]
[BlackClock "0:02:10"]

1. d4 d5 2. Nf3 Nf6 3. c4 e6 4. Nc3 Be7 5. Bg5 Nbd7 6. e3 O-O 7. Rc1 c6 8. Qc2 h6 9. Bh4 a6 10. a3 dxc4 11. Bxc4 b5 12. Ba2 c5 13. dxc5 Nxc5 14. Bb1 Re8 15. Bxf6 Bxf6 16. Qh7+ Kf8 17. O-O Bb7 18. Rfd1 Qb6 19. Na4 bxa4 0-1

[Event "December 12 Late 2023"]
[Site "https://www.chess.com"]
[Date "2023.12.12"]
[Round "2"]
[White "Degtiarev, Evgeny"]
[Black "Play, Gilles"]
[Result "0-1"]
[Board "106"]
[TimeControl "180+1"]
[WhiteFideId "4149610"]
[BlackFideId "45130892"]
[WhiteElo "2330"]
[BlackElo "2547"]
[WhiteTeam "GER"]
[BlackTeam "FRA"]
[WhiteClock "0:00:00"]
[BlackClock "0:01:01"]

1. d4 Nf6 2. c4 d5 3. cxd5 Nxd5 4. e4 Nf6 5. Nc3 e5 6. d5 c6 7. Nf3 Bb4 8. Bd3 cxd5 9. Qa4+ Nc6 10. Nxe5 Bxc3+ 11. bxc3 dxe4 12. Nxc6 bxc6 13. Bxe4 O-O 14. O-O Nxe4 15. Qxe4 Ba6 16. Re1 Qa5 17. Qb4 Qd5 18. Be3 h6 19. Bd4 Rfe8 20. Qc5 Qxa2 21. Qxc6 Rxe1+ 22. Rxe1 Rc8 23. Qd7 Qd2 24. Re8+ Rxe8 25. Qxe8+ Kh7 26. Qe4+ g6 27. h4 Qd1+ 28. Kh2 Qh5 29. g3 Be2 30. Qe5 Qxe5 31. Bxe5 a5 32. Bd6 Kg7 33. f4 Kf6 34. Kg2 Ke6 35. Bf8 h5 36. Kf2 Bg4 37. Ke3 Kd5 38. Kd3 Bf5+ 39. Kd2 Kc4 40. Be7 Kb3 41. c4 Kxc4 42. Bf6 a4 43. Be5 Kb3 44. Kc1 a3 45. Bf6 a2 46. Be5 Kc4 47. Kd2 Kd5 48. Bf6 Ke4 49. Ba1 Kf3 50. Bf6 Kxg3 51. Ke3 Kg4 0-1

[Event "December 12 Late 2023"]
[Site "https://www.chess.com"]
[Date "2023.12.12"]
[Round "2"]
[White "Rees, Ioan"]
[Black "Munoz Sanchez, Miguel"]
[Result "0-1"]
[Board "107"]
[TimeControl "180+1"]
[WhiteFideId "1801236"]
[BlackFideId "3600734"]
[WhiteElo "2538"]
[BlackElo "2327"]
[WhiteTeam "WLS"]
[BlackTeam "ECU"]
[WhiteClock "0:01:01"]
[BlackClock "0:00:42"]

1. e4 e6 2. d4 d5 3. e5 c5 4. c3 Qb6 5. Nf3 Bd7 6. Be2 Bb5 7. O-O Bxe2 8. Qxe2 Nd7 9. a3 Ne7 10. Re1 Nc6 11. Be3 cxd4 12. Nxd4 Nxd4 13. Bxd4 Bc5 14. Qg4 O-O 15. b4 Bxd4 16. cxd4 a5 17. bxa5 Rxa5 18. Nd2 Qb2 19. Nf3 Rxa3 20. Rxa3 Qxa3 21. h4 b5 22. Re3 Qc1+ 23. Kh2 b4 24. Ng5 Qc2 25. Rg3 Qf5 26. Qxf5 exf5 27. e6 fxe6 28. Nxe6 Rf7 29. Rb3 Re7 30. Nf4 Re4 31. Nxd5 Rxh4+ 32. Kg3 Rxd4 33. Ne7+ Kf7 34. Nxf5 Rd5 35. Kf4 Nc5 36. Ne3 Rd4+ 37. Ke5 Nxb3 0-1

[Event "December 12 Late 2023"]
[Site "https://www.chess.com"]
[Date "2023.12.12"]
[Round "2"]
[White "Mazzilli, Piero"]
[Black "Leenhouts, Koen"]
[Result "1-0"]
[Board "108"]
[TimeControl "180+1"]
[WhiteFideId "807087"]
[BlackFideId "1008439"]
[WhiteElo "2323"]
[BlackElo "2525"]
[WhiteTeam "ITA"]
[BlackTeam "NED"]
[WhiteClock "0:00:13"]
[BlackClock "0:00:59"]

1. e4 e5 2. Nf3 Nc6 3. Nc3 Nf6 4. d4 exd4 5. Nxd4 Bc5 6. Be3 Bb6 7. Be2 O-O 8. O-O d5 9. exd5 Nxd5 10. Nxc6 bxc6 11. Bxb6 Nxc3 12. bxc3 axb6 13. Bf3 Qf6 14. Qd4 Bb7 15. Qxf6 gxf6 16. Rfd1 Rfd8 17. Rxd8+ Rxd8 18. Rd1 Rxd1+ 19. Bxd1 c5 20. f3 Kf8 21. Kf2 Ke7 22. Ke3 Ke6 23. Be2 Bd5 24. a3 Ke5 25. f4+ Kd6 26. g4 h6 27. h4 Bg2 28. Bd3 Ke7 29. Bf5 Bd5 30. Bd3 Be6 31. Kf3 Kd6 32. Bh7 Kd5 33. Bd3 Bd7 34. h5 Ke6 35. Bf5+ Ke7 36. Bxd7 Kxd7 37. g5 fxg5 38. fxg5 Ke7 39. gxh6 Kf8 40. Kf4 Kg8 41. Kf5 Kh7 42. Kf6 Kxh6 43. Kxf7 Kxh5 44. Ke6 Kg4 45. Kd7 Kf3 46. Kxc7 Ke3 47. Kxb6 Kd2 48. Kxc5 Kxc3 49. a4 1-0

[Event "December 12 Late 2023"]
[Site "https://www.chess.com"]
[Date "2023.12.12"]
[Round "2"]
[White "Khokhlova, Daria"]
[Black "Bagrationi, Alexander"]
[Result "1-0"]
[Board "109"]
[TimeControl "180+1"]
[WhiteFideId "24182729"]
[BlackFideId "14104954"]
[WhiteElo "2322"]
[BlackElo "2523"]
[WhiteTeam "FID"]
[BlackTeam "ISR"]
[WhiteClock "0:00:05"]
[BlackClock "0:00:13"]

1. d4 c5 2. d5 Nf6 3. c4 b5 4. cxb5 a6 5. bxa6 Bxa6 6. Nc3 e6 7. Nf3 exd5 8. Nxd5 Nxd5 9. Qxd5 Nc6 10. e4 Nb4 11. Qb3 Bxf1 12. Kxf1 Be7 13. g3 O-O 14. Kg2 d5 15. exd5 Qxd5 16. Qxd5 Nxd5 17. Ne5 Rfc8 18. Bd2 Bf6 19. Nc4 Ra4 20. Rhc1 Rca8 21. a3 Rb8 22. Rc2 Bd4 23. Re1 g6 24. Re2 Rb3 25. Be1 Kg7 26. Nd6 f5 27. h3 f4 28. Red2 f3+ 29. Kf1 Nf6 30. h4 h5 31. Rd1 Ra6 32. Nc4 Ne4 33. Ne3 Bxe3 34. fxe3 Rxe3 35. Bf2 Rb3 36. Bxc5 Nxg3+ 37. Kf2 Ne4+ 38. Kf1 Rc6 39. Bd4+ Rf6 40. Bxf6+ Nxf6 41. Rd6 Ng4 42. Rc7+ Kf8 43. Rd8# 1-0

[Event "December 12 Late 2023"]
[Site "https://www.chess.com"]
[Date "2023.12.12"]
[Round "2"]
[White "Rogov, Matfey"]
[Black "Silvestre, Christian"]
[Result "1-0"]
[Board "110"]
[TimeControl "180+1"]
[WhiteFideId "44191308"]
[BlackFideId "30956269"]
[WhiteElo "2521"]
[BlackElo "2322"]
[WhiteTeam "RUS"]
[BlackTeam "USA"]
[WhiteClock "0:01:52"]
[BlackClock "0:01:23"]

1. e4 c5 2. Nc3 g6 3. d4 cxd4 4. Qxd4 Nf6 5. Nf3 Nc6 6. Qa4 d6 7. Bg5 Bg7 8. O-O-O Qa5 9. Qxa5 Nxa5 10. Bb5+ Bd7 11. e5 Ng4 12. exd6 Nxf2 13. dxe7 Nxd1 14. Rxd1 Bc6 15. Rd8+ 1-0

[Event "December 12 Late 2023"]
[Site "https://www.chess.com"]
[Date "2023.12.12"]
[Round "2"]
[White "Sherman, Raem"]
[Black "Bazzano, Sebastian"]
[Result "1-0"]
[Board "111"]
[TimeControl "180+1"]
[WhiteFideId "2822288"]
[BlackFideId "104566"]
[WhiteElo "2516"]
[BlackElo "2321"]
[WhiteTeam "ISR"]
[BlackTeam "ARG"]
[WhiteClock "0:01:46"]
[BlackClock "0:00:07"]

1. e4 e6 2. d4 d5 3. Nd2 dxe4 4. Nxe4 Bd7 5. Nf3 Bc6 6. Bd3 Bxe4 7. Bxe4 c6 8. c3 Nf6 9. Bc2 Bd6 10. O-O Nbd7 11. Bg5 O-O 12. Re1 Qc7 13. Qe2 Bf4 14. Bxf4 Qxf4 15. Ne5 Rad8 16. g3 Qh6 17. Nc4 Nb6 18. Na5 Rd7 19. a4 Qh5 20. Qxh5 Nxh5 21. Nb3 Nc4 22. Rab1 b5 23. Bd3 Nd6 24. Nc5 Re7 25. Ra1 Nf6 26. axb5 cxb5 27. Ra6 Nc4 28. b3 Nd2 29. Kg2 Rc8 30. Rd1 Rxc5 31. dxc5 Nxb3 32. Bxb5 g6 33. c6 Nd5 34. c4 Nc3 35. Rd7 Re8 36. Raxa7 1-0

[Event "December 12 Late 2023"]
[Site "https://www.chess.com"]
[Date "2023.12.12"]
[Round "2"]
[White "Dubreuil, Julien"]
[Black "Karas, Marek"]
[Result "0-1"]
[Board "112"]
[TimeControl "180+1"]
[WhiteFideId "621285"]
[BlackFideId "14928558"]
[WhiteElo "2320"]
[BlackElo "2515"]
[WhiteTeam "FRA"]
[BlackTeam "CZE"]
[WhiteClock "0:00:26"]
[BlackClock "0:00:34"]

1. a3 d5 2. Nf3 Nf6 3. c4 e6 4. d3 b6 5. g3 Bb7 6. Bg2 dxc4 7. Qa4+ Nbd7 8. Qxc4 Bd6 9. O-O O-O 10. Bg5 h6 11. Bd2 c5 12. Nc3 Rc8 13. Bf4 Bxf4 14. Qxf4 Qe7 15. Rac1 Nd5 16. Nxd5 Bxd5 17. Qa4 Nf6 18. Ne5 Bxg2 19. Kxg2 Qb7+ 20. Kg1 Rfd8 21. Rc4 a6 22. Qc2 Qd5 23. Qc3 b5 24. Rf4 Qd6 25. Ng4 Nd5 26. Nxh6+ gxh6 27. Rg4+ Kf8 28. Qg7+ Ke7 29. Qxh6 Qe5 30. e4 Nf6 31. Rg5 Qxb2 32. e5 Nd5 33. f4 Qd4+ 34. Kg2 Ne3+ 35. Kh3 Nxf1 36. Qf6+ Kd7 37. Qxf7+ Kc6 38. Qxe6+ Kb7 39. Rg7+ Rc7 40. Rxc7+ Kxc7 41. Qxa6 Rh8+ 42. Kg2 Rxh2+ 43. Kxf1 Qf2# 0-1

[Event "December 12 Late 2023"]
[Site "https://www.chess.com"]
[Date "2023.12.12"]
[Round "2"]
[White "Tapie Amione, Pablo Adib"]
[Black "Adamczyk, Zuzanna"]
[Result "1-0"]
[Board "113"]
[TimeControl "180+1"]
[WhiteFideId "5107180"]
[BlackFideId "1187570"]
[WhiteElo "2515"]
[BlackElo "2320"]
[WhiteTeam "MEX"]
[BlackTeam "POL"]
[WhiteClock "0:01:07"]
[BlackClock "0:00:10"]

1. e4 d6 2. d4 Nf6 3. Nc3 e5 4. dxe5 dxe5 5. Qxd8+ Kxd8 6. Bc4 Ke8 7. Bg5 c6 8. Bxf6 gxf6 9. a3 h5 10. Nf3 Nd7 11. O-O-O b5 12. Bb3 Nb6 13. h3 Rg8 14. g3 a5 15. Kb1 a4 16. Ba2 b4 17. axb4 Bxb4 18. Ne2 Be6 19. Nc1 a3 20. Nd3 Bxa2+ 21. Kxa2 axb2+ 22. Kxb2 Bd6 23. Ra1 Ke7 24. Nh4 Ke6 25. Nf5 Rgb8 26. Kc3 Ba3 27. Rhb1 Na4+ 28. Kd2 Rxb1 29. Rxa3 Rd1+ 30. Kxd1 Nb2+ 31. Ke2 Rxa3 32. Nc5# 1-0

[Event "December 12 Late 2023"]
[Site "https://www.chess.com"]
[Date "2023.12.12"]
[Round "2"]
[White "Petukhov, Dmitry"]
[Black "Kappeler, Kaspar"]
[Result "1-0"]
[Board "114"]
[TimeControl "180+1"]
[WhiteFideId "4142748"]
[BlackFideId "1309072"]
[WhiteElo "2511"]
[BlackElo "2316"]
[WhiteTeam "RUS"]
[BlackTeam "SUI"]
[WhiteClock "0:00:08"]
[BlackClock "0:00:01"]

1. e4 c5 2. c3 d6 3. d4 Nf6 4. dxc5 Nc6 5. Bc4 Nxe4 6. Bxf7+ Kxf7 7. Qh5+ g6 8. Qd5+ e6 9. Qxe4 d5 10. Qe2 Bxc5 11. Nf3 e5 12. O-O Re8 13. b4 Bd6 14. b5 Na5 15. Qd2 e4 16. Qxd5+ Be6 17. Qxe4 Bc4 18. Ng5+ Qxg5 19. Qxc4+ Nxc4 20. Bxg5 Re5 21. Nd2 Nxd2 22. Bxd2 Rxb5 23. Rab1 Rxb1 24. Rxb1 b6 25. Be3 Rc8 26. Bd4 Bc5 27. Bxc5 Rxc5 28. Rb3 Ra5 29. a3 Ke6 30. c4 Ra4 31. Rc3 Ke5 32. Kf1 Kd4 33. Rh3 Kxc4 34. Ke2 b5 35. f4 a5 36. g4 Kc5 37. Rf3 b4 38. axb4+ axb4 39. f5 gxf5 40. gxf5 Ra3 41. Rf1 b3 42. f6 b2 43. f7 Ra8 44. Kd2 Kb4 45. Kc2 Ka3 46. f8=Q+ Rxf8 47. Rxf8 Ka2 48. Ra8# 1-0

[Event "December 12 Late 2023"]
[Site "https://www.chess.com"]
[Date "2023.12.12"]
[Round "2"]
[White "Hernandez Jimenez, Alexander Andres"]
[Black "Krzywda, Andrzej"]
[Result "0-1"]
[Board "115"]
[TimeControl "180+1"]
[WhiteFideId "3900452"]
[BlackFideId "1114565"]
[WhiteElo "2299"]
[BlackElo "2510"]
[WhiteTeam "VEN"]
[BlackTeam "POL"]
[WhiteClock "0:00:06"]
[BlackClock "0:00:27"]

1. e4 e5 2. Nf3 Nf6 3. d4 Nxe4 4. Bd3 d5 5. Nxe5 Bd6 6. O-O O-O 7. c4 c5 8. cxd5 Nf6 9. Re1 cxd4 10. Bg5 h6 11. Bh4 Re8 12. Nf3 Rxe1+ 13. Qxe1 Be7 14. Nxd4 Nxd5 15. Bxe7 Qxe7 16. Nd2 Bd7 17. Qxe7 Nxe7 18. Re1 Nbc6 19. N2f3 Rd8 20. Nb5 Bg4 21. Bf1 Bxf3 22. gxf3 Rd2 23. Re2 Rd1 24. Kg2 Nf5 25. Nc3 Rc1 26. Rd2 Ne5 27. Rd8+ Kh7 28. Bd3 Nxd3 29. Rxd3 Rc2 30. Rd5 Ne3+ 0-1

[Event "December 12 Late 2023"]
[Site "https://www.chess.com"]
[Date "2023.12.12"]
[Round "2"]
[White "Chylewski, Patryk"]
[Black "Biliy, Vadim"]
[Result "1-0"]
[Board "116"]
[TimeControl "180+1"]
[WhiteFideId "1186191"]
[BlackFideId "14114127"]
[WhiteElo "2510"]
[BlackElo "2296"]
[WhiteTeam "POL"]
[BlackTeam "UKR"]
[WhiteClock "0:00:11"]
[BlackClock "0:00:00"]

1. e4 d6 2. f4 Nf6 3. Nc3 g6 4. d4 Bg7 5. Nf3 O-O 6. Bd3 Na6 7. e5 Nd7 8. O-O c5 9. Bxa6 cxd4 10. Nxd4 dxe5 11. fxe5 bxa6 12. e6 Qb6 13. Be3 Bxd4 14. exf7+ Rxf7 15. Qxd4 Qxd4 16. Bxd4 Nf6 17. Rad1 Bf5 18. Rd2 Rd8 19. Rfd1 Bg4 20. Re1 Rd7 21. h3 Bf5 22. g4 Bxc2 23. Ree2 e5 24. Rxe5 h5 25. Ree2 hxg4 26. Bxf6 Rxd2 27. Rxd2 Rxf6 28. Rxc2 gxh3 29. Kh2 Rf3 30. Ne4 Kg7 31. Ng5 Re3 32. Nxh3 Kf6 33. Kg2 g5 34. Nf2 Kf5 35. Rc5+ Kg6 36. Rc6+ Kf5 37. Rxa6 Re2 38. b3 Re7 39. Kf3 Rc7 40. Ra5+ Kg6 41. Ne4 1-0

[Event "December 12 Late 2023"]
[Site "https://www.chess.com"]
[Date "2023.12.12"]
[Round "2"]
[White "Nechitaylo, Nikita"]
[Black "Jimenez Almeida, Luis David"]
[Result "0-1"]
[Board "117"]
[TimeControl "180+1"]
[WhiteFideId "34138161"]
[BlackFideId "22242244"]
[WhiteElo "2294"]
[BlackElo "2509"]
[WhiteTeam "UKR"]
[BlackTeam "ESP"]
[WhiteClock "0:00:00"]
[BlackClock "0:00:35"]

1. d4 g6 2. e4 Bg7 3. c4 d6 4. Nc3 Nd7 5. Be3 e6 6. Qd2 h6 7. f3 Ne7 8. Nge2 b6 9. Nc1 Bb7 10. Nd3 a6 11. Be2 Kf8 12. Rc1 Kg8 13. c5 b5 14. Nd1 Kh7 15. O-O dxc5 16. Nxc5 Nxc5 17. Rxc5 Nc6 18. d5 exd5 19. Rxd5 Qf6 20. Nf2 Rad8 21. Rb1 Rxd5 22. Qxd5 Rd8 23. Ng4 Qe7 24. Qb3 Nd4 25. Bxd4 Bxd4+ 26. Kh1 c5 27. Rd1 Kg7 28. Qd3 Re8 29. Qd2 Qg5 30. f4 Qh4 31. e5 Qh3 0-1

[Event "December 12 Late 2023"]
[Site "https://www.chess.com"]
[Date "2023.12.12"]
[Round "2"]
[White "Player, Edmund C"]
[Black "YurasovMat-2012"]
[Result "0-1"]
[Board "118"]
[TimeControl "180+1"]
[WhiteFideId "406520"]
[WhiteElo "2285"]
[BlackElo "2509"]
[WhiteTeam "ENG"]
[WhiteClock "0:00:03"]
[BlackClock "0:02:09"]

1. Nc3 d5 2. e4 d4 3. Nce2 c5 4. Ng3 Nc6 5. Bc4 g6 6. d3 Bg7 7. a3 Nf6 8. f4 O-O 9. Nf3 e5 10. O-O Ng4 11. fxe5 Ngxe5 12. Nxe5 Nxe5 13. Bd5 Be6 14. Bxe6 fxe6 15. Bf4 c4 16. Bxe5 Bxe5 17. Qg4 Qb6 18. Nh5 Kh8 19. Nf4 Bxf4 20. Rxf4 e5 21. Rxf8+ Rxf8 22. Qg5 Qc5 23. b4 cxb3 24. cxb3 Kg7 25. Rc1 Qd6 26. h4 h6 27. Qg3 Kh7 28. b4 Rf4 29. Rc8 Qe7 30. h5 g5 31. Qe1 Rf7 32. Qc1 g4 33. Qc5 Qg5 34. Rc7 Qe3+ 35. Kh2 Qf4+ 36. Kh1 g3 37. Rxf7+ Qxf7 38. Qc1 Qxh5+ 39. Kg1 Qh2+ 40. Kf1 Qh1+ 41. Ke2 Qxc1 42. Kf3 Qe3+ 43. Kg4 Kg6 44. Kh4 Qf4+ 45. Kh3 h5 46. b5 Qg4# 0-1

[Event "December 12 Late 2023"]
[Site "https://www.chess.com"]
[Date "2023.12.12"]
[Round "2"]
[White "Gonzalez Zharikov, Andrey"]
[Black "Ismayil, Malak"]
[Result "0-1"]
[Board "119"]
[TimeControl "180+1"]
[WhiteFideId "5145287"]
[BlackFideId "13412604"]
[WhiteElo "2284"]
[BlackElo "2504"]
[WhiteTeam "MEX"]
[BlackTeam "AZE"]
[WhiteClock "0:00:26"]
[BlackClock "0:01:03"]

1. e4 e5 2. Nf3 Nc6 3. Bb5 a6 4. Ba4 Nf6 5. O-O b5 6. Bb3 Be7 7. Re1 O-O 8. a4 b4 9. a5 d6 10. c3 Rb8 11. d4 Bg4 12. Bc4 Qc8 13. d5 Na7 14. Qe2 Nb5 15. h3 Bxf3 16. Qxf3 c5 17. Nd2 bxc3 18. bxc3 Nc7 19. Bf1 Nfe8 20. Nc4 f5 21. Nb6 Qd8 22. exf5 Bg5 23. Bd3 Bxc1 24. Raxc1 Nf6 25. g4 Nd7 26. Nc4 Qe7 27. Qg3 Nxd5 28. Red1 Nf4 29. Be4 Nf6 30. Bg2 Ne2+ 31. Kh2 Nxg3 0-1

[Event "December 12 Late 2023"]
[Site "https://www.chess.com"]
[Date "2023.12.12"]
[Round "2"]
[White "Shapiro, Daniel"]
[Black "Grutter, Tim"]
[Result "0-1"]
[Board "121"]
[TimeControl "180+1"]
[WhiteFideId "2001780"]
[BlackFideId "1057472"]
[WhiteElo "2284"]
[BlackElo "2502"]
[WhiteTeam "USA"]
[BlackTeam "NED"]
[WhiteClock "0:00:00"]
[BlackClock "0:00:01"]

1. d4 d6 2. e4 Nf6 3. Nc3 e5 4. Nge2 g6 5. h3 Nc6 6. Be3 Bg7 7. g4 O-O 8. Bg2 Re8 9. O-O a6 10. f4 b5 11. a3 exd4 12. Nxd4 Nxd4 13. Bxd4 Bb7 14. g5 Nh5 15. Bxg7 Nxg7 16. h4 Ne6 17. Nd5 Bxd5 18. Qxd5 Qe7 19. f5 Nc5 20. fxg6 hxg6 21. Rf6 Kg7 22. Raf1 Rf8 23. e5 Rad8 24. exd6 cxd6 25. Qd4 Qe5 26. Qxe5 dxe5 27. b4 Ne6 28. Re1 Rd2 29. Rxe5 Rxc2 30. Bd5 Nd4 31. Re7 Ne2+ 32. Kf1 Ng3+ 33. Ke1 Rc1+ 34. Kd2 Ra1 35. Kc2 Rxa3 36. Bxf7 Kh8 0-1

[Event "December 12 Late 2023"]
[Site "https://www.chess.com"]
[Date "2023.12.12"]
[Round "2"]
[White "Sarkar, Justin"]
[Black "Wartiovaara, Oliver"]
[Result "0-1"]
[Board "122"]
[TimeControl "180+1"]
[WhiteFideId "2010011"]
[BlackFideId "513024"]
[WhiteElo "2280"]
[BlackElo "2499"]
[WhiteTeam "USA"]
[BlackTeam "FIN"]
[WhiteClock "0:00:00"]
[BlackClock "0:00:52"]

1. Nf3 Nf6 2. a3 g6 3. g3 Bg7 4. Bg2 O-O 5. O-O c5 6. c4 d5 7. cxd5 Nxd5 8. Nc3 Nc6 9. Nxd5 Qxd5 10. d3 Rd8 11. Rb1 a5 12. Be3 Qd6 13. Nd2 b6 14. Nc4 Qc7 15. Bf4 Qd7 16. Nxb6 Qb7 17. Nxa8 Qxa8 18. Qa4 Bb7 19. Rfc1 Nd4 20. Bxb7 Qxb7 21. Qd1 Nb3 22. Rc4 e5 23. Be3 Rd5 24. Qc2 Qb5 25. a4 Qb6 26. Rc3 Nd4 27. Bxd4 exd4 28. Rc4 Bf8 29. e4 Rh5 30. f4 Qe6 31. Qg2 Qg4 32. Rf1 Rh3 33. Qf3 Qd7 34. f5 Rh5 35. Rc2 Bh6 36. Rcf2 Be3 37. Kg2 Bxf2 0-1